 Dungeon Sprint DCSS version 0.19.5 (webtiles) character file.

1873 Mesmaeker13 the Grappler (level 8, -3/139 HPs)
             Began as a Troll Berserker on Apr 4, 2017.
             Was an Elder of Trog.
             Slain by a centaur warrior (11 damage)
             ... in the Dungeon (Sprint I: "Red Sonja").
             The game lasted 00:02:28 (468 turns).

Mesmaeker13 the Grappler (Troll Berserker)           Turns: 468, Time: 00:02:29

Health: -3/139     AC:  5    Str: 33    XL:     8   Next: 91%
Magic:  10/11      EV: 13    Int:  3    God:    Trog [****..]
Gold:   336        SH:  0    Dex:  9    Spells: 0 memorised, 7 levels left

rFire  . . .     SeeInvis .       - Unarmed
rCold  . . .     Gourm    +     a - +0 animal skin
rNeg   . . .     Faith    .     (no shield)
rPois  .         Spirit   .     (helmet restricted)
rElec  .         Reflect  .     (no cloak)
rCorr  .         Harm     .     (gloves unavailable)
MR     ++...     NoTele   +     (boots unavailable)
Stlth  ..........               (no amulet)
                                (no ring)
                                (no ring)

@: berserking, regenerating, very quick
A: unfitting armour, claws 3, fast metabolism 3, gourmand, regeneration 1,
shaggy fur 1, tough skin 2
a: Berserk, Trog's Hand, Brothers in Arms, Burn Spellbooks, Renounce Religion


You were in the Dungeon.
You worshipped Trog.
Trog was greatly pleased with you.
You were not hungry.

You visited 1 branch You collected 435 gold pieces.
You spent 99 gold pieces at shops.

Inventory:

Armour
 a - a +0 animal skin (worn)
Wands
 j - a wand of iceblast (4/15)
Scrolls
 h - a scroll of blinking
Potions
 c - a potion of curing
 e - a potion of haste
 f - 2 potions of magic
Comestibles
 b - 2 bread rations


   Skills:
 + Level 10.1 Fighting
 - Level 7.5 Dodging
 + Level 11.8 Unarmed Combat
 + Level 6.0 Evocations


You had 7 spell levels left.
You didn't know any spells.

Dungeon Overview and Level Annotations

Branches:
Dungeon (1/1)

Altars:
Cheibriados
Dithmenos
Elyvilon
Fedhas
Gozag
Hepliaklqana
Kikubaaqudgha
Makhleb
Nemelex Xobeh
Okawaru
Qazlal
Ru
Sif Muna
Trog
Uskayaw
Vehumet
Xom
Yredelemnul
Zin
The Shining One
Jiyva
Lugonu

Shops:
D }


Innate Abilities, Weirdness & Mutations

You are too large for most types of armour.
You have claws for hands.
Your metabolism is lightning-fast.
You like to eat raw meat.
Your natural rate of healing is unusually fast.
You are covered in fur. (AC +1)
You have very tough skin. (AC +2)


Message History

You closely miss the centaur warrior.
The centaur warrior is almost dead.
The centaur warrior hits you.
* * * LOW HITPOINT WARNING * * *
The centaur warrior closely misses you.
You barely miss the centaur warrior.
The centaur warrior is almost dead.
The centaur warrior hits you!
* * * LOW HITPOINT WARNING * * *
The centaur warrior barely misses you.
You scratch the centaur warrior.
You kill the centaur warrior!
Trog accepts your kill.
Your Fighting skill increases to level 10!
Your Unarmed Combat skill increases to level 11!
Your Evocations skill gained 2 levels and is now at level 6!
You claw the centaur warrior!
The centaur warrior is lightly wounded.
The centaur warrior hits you!
You die...

##########################
#<.#..').#..'.(#__#..'.).#
#..').#..').#)@(..'..#)..#
#..#####'#####c#__####...+
#..####..#...#(####)$#####
#..#__####..##§#≈≈≈..#
#..#_____##'#.§'§≈§
#⌠⌠#_.∩...'..._#≈§≈cc#
####_..__##_.#'##c####
#_____###+#.# )$ #######
### ##


You could see a centaur warrior.

Vanquished Creatures
  A centaur warrior (D)
  2 kobold demonologists (D)
  A slime creature (D)
  Sigmund (D)
  A yak (D)
  A floating eye (D)
  An ogre (D)
  A jelly (D)
  Ijyb (D)
10 creatures vanquished.

Notes
Turn   | Place    | Note
-------+----------+-------------------------------------------
     0 | D        | Mesmaeker13 the Troll Berserker began the quest for the Orb.
     0 | D        | Reached XP level 1. HP: 22/22 MP: 0/0
     1 | D        | Noticed Ijyb
     6 | D        | Killed Ijyb
     6 | D        | Reached skill level 4 in Unarmed Combat
     6 | D        | Reached XP level 2. HP: 31/31 MP: 1/1
     9 | D        | Noticed an ogre
    16 | D        | Killed an ogre
    16 | D        | Reached skill level 5 in Fighting
    16 | D        | Reached skill level 5 in Dodging
    16 | D        | Reached skill level 6 in Unarmed Combat
    16 | D        | Reached XP level 3. HP: 13/42 MP: 2/2
    16 | D        | Reached XP level 4. HP: 15/50 MP: 3/3
    86 | D        | Noticed Sigmund
    92 | D        | Killed Sigmund
    92 | D        | Reached ** piety under Trog
    92 | D        | Reached skill level 7 in Unarmed Combat
    92 | D        | Reached XP level 5. HP: 61/61 MP: 4/4
    92 | D        | Reached XP level 6. HP: 68/68 MP: 5/5
   243 | D        | Found a deep blue altar of Sif Muna.
   245 | D        | Found a radiant altar of Vehumet.
   249 | D        | Reached skill level 8 in Unarmed Combat
   255 | D        | Found Daatat's Gadget Emporium.
   255 | D        | Found an ancient bone altar of Kikubaaqudgha.
   255 | D        | Found a hazy altar of Hepliaklqana.
   255 | D        | Found a stormy altar of Qazlal.
   255 | D        | Found a hide-covered altar of Uskayaw.
   255 | D        | Found a blossoming altar of Fedhas.
   255 | D        | Found a bloodstained altar of Trog.
   255 | D        | Found an iron altar of Okawaru.
   255 | D        | Found a basalt altar of Yredelemnul.
   255 | D        | Found a glowing golden altar of the Shining One.
   255 | D        | Found a snail-covered altar of Cheibriados.
   255 | D        | Found a sacrificial altar of Ru.
   255 | D        | Found a glowing silver altar of Zin.
   255 | D        | Found a shadowy altar of Dithmenos.
   255 | D        | Found a white marble altar of Elyvilon.
   255 | D        | Noticed a yak
   258 | D        | Killed a yak
   259 | D        | Found an opulent altar of Gozag.
   278 | D        | Found a sparkling altar of Nemelex Xobeh.
   282 | D        | Bought a wand of iceblast (5/15) for 99 gold pieces
   301 | D        | Found a burning altar of Makhleb.
   301 | D        | Found a viscous altar of Jiyva.
   301 | D        | Found a shimmering altar of Xom.
   301 | D        | Found a corrupted altar of Lugonu.
   301 | D        | Noticed a slime creature
   305 | D        | Killed a slime creature
   305 | D        | Reached *** piety under Trog
   305 | D        | Reached skill level 9 in Unarmed Combat
   305 | D        | Reached XP level 7. HP: 54/80 MP: 5/7
   362 | D        | Noticed a kobold demonologist
   363 | D        | Noticed a kobold demonologist
   365 | D        | Killed a kobold demonologist
   365 | D        | Reached skill level 10 in Unarmed Combat
   370 | D        | Killed a kobold demonologist
   370 | D        | Reached XP level 8. HP: 92/92 MP: 7/10
   371 | D        | Reached **** piety under Trog
   431 | D        | Noticed a centaur warrior
   433 | D        | Noticed a centaur warrior
   467 | D        | Killed a centaur warrior
   467 | D        | Reached skill level 10 in Fighting
   467 | D        | Reached skill level 11 in Unarmed Combat
   468 | D        | Slain by a centaur warrior

Skill      XL: |  1  2  3  4  5  6  7  8 |
---------------+-------------------------+-----
Fighting       | 3 5 6 8 9 10 | 10.1
Dodging        | 3 5 6 7 |  7.5
Unarmed Combat | 4 6 7 9 10 11 | 11.8
Evocations     | 2 4 6 |  6.0

Action                   |  1- 3 |  4- 6 |  7- 9 || total
-------------------------+-------+-------+-------++-------
Melee: Unarmed           |    10 |    12 |    17 ||    39
       Punch             |       |     2 |       ||     2
Invok: Berserk           |       |     1 |     1 ||     2
       Trog's Hand       |       |       |     2 ||     2
Evoke: Wand              |       |       |     1 ||     1
  Use: Potion            |       |       |     2 ||     2
  Eat: Chunk             |       |     2 |     2 ||     4
Armor: Animal skin       |     1 |     1 |     4 ||     6
Dodge: Dodged            |     4 |     4 |     8 ||    16
